 Dungeon Crawl Stone Soup version 0.28-a0-556-gab23d0e057 (webtiles) character file.

Game seed: 1058844317196936304

842 HoaS the Cruncher (level 8, -4/44 HPs)
             Began as a Gargoyle Gladiator on Sept 28, 2021.
             Killed from afar by an orc wizard (5 damage)
             ... with a puff of flame
             ... on level 5 of the Dungeon.
             The game lasted 00:10:06 (4961 turns).

HoaS the Cruncher (Gargoyle Gladiator)              Turns: 4961, Time: 00:10:06

Health: -4/44      AC: 19    Str: 20    XL:     8   Next: 0%
Magic:  8/8        EV:  6    Int: 13    God:
Gold:   191        SH:  0    Dex: 11    Spells: 7/7 levels left

rFire   . . .      SeeInvis .   w - +2 lajatang of Mourning {elec, Int+2}
rCold   . . .      Faith    .   (shield currently unavailable)
rNeg    + . .      Spirit   .   n - +1 plate armour "Wyrurekk" {Int+2}
rPois   ∞          Reflect  .   c - +0 helmet
rElec   +          Harm     .   f - +0 cloak
rCorr   .          Rampage  .   (no gloves)
Will    .....                   m - +0 pair of boots
Stlth   ..........              (no amulet)
HPRegen 0.14/turn               (no ring)
MPRegen 0.11/turn               (no ring)

@: no status effects
A: sickness immunity, AC +5, negative energy resistance 1, electricity
resistance, torment resistance 1, petrification resistance
a: no special abilities


You were on level 5 of the Dungeon.
You visited 1 branch of the dungeon, and saw 5 of its levels.
You also visited: Sewer.

You collected 191 gold pieces.

Inventory:

Hand Weapons
 q - a +2 quarterstaff of venom
 w - the +2 lajatang of Mourning (weapon) {elec, Int+2}
   (You acquired it on level 2 of the Dungeon)

   It occasionally discharges a powerful burst of electricity upon striking a
   foe.
   Int:       It affects your intelligence (+2).
Missiles
 a - 9 boomerangs
 b - 7 poisoned darts
 d - 3 throwing nets (quivered)
 g - 47 bolts
 k - 42 arrows
Armour
 c - a +0 helmet (worn)
 f - a +0 cloak (worn)
 m - a +0 pair of boots (worn)
 n - the +1 plate armour "Wyrurekk" (worn) {Int+2}
   (You found it on level 4 of the Dungeon)

   Int:       It affects your intelligence (+2).
Wands
 l - a wand of paralysis (9)
Scrolls
 i - 2 scrolls of blinking
 u - a scroll of fog
 x - a scroll of summoning {unknown}
 y - a scroll of fear {unknown}
Potions
 e - 2 potions of mutation
 h - a potion of lignification {unknown}
 j - a potion of flight {unknown}
 o - 2 potions of curing
 p - 3 potions of heal wounds {unknown}
 v - a potion of might {unknown}


   Skills:
 - Level 2.1 Fighting
 * Level 9.3 Staves
 - Level 1.7 Throwing
 - Level 2.4 Dodging


You had 7 spell levels left.
You didn't know any spells.
Your spell library contained the following spells:

 Spells                   Type           Power      Damage    Failure   Level
 Dazzling Flash           Conj/Hex       0%         N/A       100%        3
 Agony                    Necr           0%         N/A       100%        5
 Silence                  Hex/Air        0%         N/A       100%        5


Dungeon Overview and Level Annotations

Branches:
Dungeon (5/15)              Sewer (visited)
 Temple: D:4-7

Altars:
Cheibriados
Dithmenos
Makhleb


Innate Abilities, Weirdness & Mutations

You are immune to sickness and miasma.
Your stone body is resilient. (AC +5)
You are immune to poison.
You resist negative energy. (rN+)
You are resistant to electric shocks. (rElec)
You are resistant to unholy torment.
You are immune to petrification.


Message History

The wight freezes you.
You completely miss the wight. The wight hits you but does no damage.
The water moccasin zombie bites you but does no damage.
An orc wizard comes into view. It is wielding a +0 dagger.
You slash the wight!
The wight is almost destroyed.
The wight hits you but does no damage.
The water moccasin zombie bites you but does no damage.
You slash the wight! Lightning courses through the wight!
You destroy the wight!
The water moccasin zombie bites you but does no damage.
You have reached level 8!
You feel stronger.
You slash the water moccasin zombie!
The water moccasin zombie is moderately damaged.
The water moccasin zombie bites you but does no damage.
You closely miss the water moccasin zombie.
The water moccasin zombie is moderately damaged.
The water moccasin zombie bites you but does no damage.
You closely miss the water moccasin zombie.
The water moccasin zombie is moderately damaged.
The water moccasin zombie bites you.
The water moccasin zombie bites you but does no damage.
You barely miss the water moccasin zombie.
The water moccasin zombie is moderately damaged.
An acid dragon comes into view.
The water moccasin zombie bites you but does no damage.
The acid dragon roars!
You slash the water moccasin zombie!
The water moccasin zombie is heavily damaged.
The acid dragon spits acid at you. The splash of acid hits you!!
Ouch! That really hurt!
* * * LOW HITPOINT WARNING * * *
The water moccasin zombie completely misses you.
Your plate armour "Wyrurekk" prevents you from hitting the water moccasin zombie.
The water moccasin zombie is heavily damaged.
The orc wizard gestures at you while chanting.
The puff of flame hits you.
You die...

................
#.............(........
#......................
##.......##Z.#...#......
.D.......#.§.≈≈≈≈≈......
#.......#.#≈≈≈≈≈≈≈#....
##.......#.§≈§§§≈≈≈≈....
......o)..§§§§§§≈≈≈.....
.......@Z..§§§§≈÷≈≈....#
..........§#≈§§§≈≈÷#.###
.........!...≈≈§≈≈...#
##....$......#≈§§#..##
#......!##........##
..........#.....####
##........#######
###+######


You could see an acid dragon, an orc wizard and a water moccasin zombie.

Vanquished Creatures
  A necrophage (D:4)
  2 scorpions (D:4)
  A water moccasin skeleton (D:4)
  A wight (D:5)
  A bullfrog zombie (D:4)
  A centaur zombie (D:3)
  2 hounds
  3 orc priests
  A centaur skeleton (D:4)
  A scorpion zombie (D:4)
  3 orc wizards
  A mummy (D:3)
  4 adders
  4 river rats (Sewer)
  A shadow imp (D:5)
  2 adder skeletons (D:4)
  An adder zombie (D:4)
  10 orcs
  6 bats
  8 endoplasms
  8 giant cockroaches
  11 goblins
  5 hobgoblins
  8 jackals
  4 kobolds
  5 quokkas
  10 ball pythons
  10 frilled lizards
  14 rats
129 creatures vanquished.

Notes
Turn   | Place    | Note
-------+----------+-------------------------------------------
     0 | D:1      | HoaS the Gargoyle Gladiator began the quest for the Orb.
     0 | D:1      | Reached XP level 1. HP: 12/12 MP: 1/1
    99 | D:1      | Reached XP level 2. HP: 4/17 MP: 2/2
   721 | D:1      | Reached skill level 4 in Staves
   767 | D:1      | Reached XP level 3. HP: 21/21 MP: 3/3
   771 | D:1      | Found a faded altar of an unknown god.
  1737 | D:2      | Identified a scroll of acquirement
  1737 | D:2      | Acquired the +2 lajatang of Mourning {elec, Int+2}
  1869 | D:2      | Reached XP level 4. HP: 24/26 MP: 4/4
  1973 | D:2      | Reached skill level 5 in Staves
  2151 | D:2      | Found a burning altar of Makhleb.
  2574 | D:3      | Reached XP level 5. HP: 23/30 MP: 5/5
  2750 | D:3      | Found a burning altar of Makhleb.
  2963 | D:3      | Reached skill level 6 in Staves
  2993 | D:3      | Found a snail-covered altar of Cheibriados.
  3088 | D:3      | HP: 1/30 [orc priest/divine providence (10)]
  3092 | D:3      | Reached XP level 6. HP: 2/35 MP: 6/6
  3640 | D:4      | Reached skill level 7 in Staves
  3692 | D:4      | Found a shadowy altar of Dithmenos.
  3733 | D:4      | Reached XP level 7. HP: 26/40 MP: 7/7
  3827 | D:4      | Reached skill level 8 in Staves
  3852 | D:4      | Identified the +1 plate armour "Wyrurekk" {Int+2}
  4497 | D:5      | Entered Level 5 of the Dungeon
  4521 | D:5      | Found a glowing drain.
  4550 | Sewer    | Entered a sewer
  4720 | Sewer    | Reached skill level 9 in Staves
  4956 | D:5      | Reached XP level 8. HP: 34/44 MP: 8/8
  4960 | D:5      | HP: 1/44 [acid dragon/splash of acid (29)]
  4961 | D:5      | Killed from afar by an orc wizard

Illustrated notes

Levels and vault maps discovered:
D:1:      kilobyte_arrival_exit_the_forest, layout_basic,
          hellmonk_ecumenical_altar_heavens_door, minmay_pentomino_r2
D:2:      layout_loops_ring, basic_altar
D:3:      layout_loops_ring, chei_slow_surprise, lightli_temple_of_fire
D:4:      layout_basic, mainiacjoe_overflow_small_starburst, serial_undead,
          serial_undead_a, serial_undead_f, serial_undead_f, serial_undead_b,
          serial_undead_b, serial_undead_a, serial_undead_c,
          minmay_fractal_squares_diagonal_5
D:5:      layout_gridville, cheibrodos_sewer_entry_drain, minmay_manual_mail,
          uniq_duvessa, uniq_menkaure, uniq_crazy_yiuf_cottage

Skill      XL: |  1  2  3  4  5  6  7 |
---------------+----------------------+-----
Staves         | 4 5 6 7 9 |  9.3
Fighting       | |  2.1
Throwing       | |  1.7
Dodging        | |  2.4

Action                   |  1- 3 |  4- 6 |  7- 9 || total
-------------------------+-------+-------+-------++-------
Melee: Quarterstaff      |    94 |       |       ||    94
       Lajatang          |    18 |   130 |   144 ||   292
  Use: Scroll            |     2 |     7 |     6 ||    15
Armor: Leather armour    |    29 |       |       ||    29
       Scale mail        |    11 |    15 |       ||    26
       Chain mail        |       |    65 |    10 ||    75
       Plate armour      |       |       |    91 ||    91
Dodge: Dodged            |    87 |    46 |    31 ||   164

Table legend: (Time is in decaauts)
 A = Elapsed time spent in this place.
 B = Non-inter-level travel time spent in this place.
 C = Inter-level travel time spent in this place.
 D = Time resting spent in this place.
 E = Time spent auto-exploring this place.
 F = Levels seen in this place.
 G = Mean time per level.
                   A        B        C        D        E       F      G
               +--------+--------+--------+--------+--------+-----+--------+
         Total |   5045 |   4784 |    261 |    919 |   2901 |   6 |  840.8 |
       Dungeon |   4617 |   4356 |    261 |    919 |   2660 |   5 |  923.4 |
         Sewer |    427 |    427 |      0 |      0 |    241 |   1 |  427.0 |
               +--------+--------+--------+--------+--------+-----+--------+

Top non-repeatable levels by time:
     D:1: 1749 daAuts
     D:3: 1262 daAuts
     D:4: 868 daAuts
     D:2: 653 daAuts
   Sewer: 427 daAuts
     D:5: 84 daAuts
